 Dungeon Crawl Stone Soup version 0.22.1-1-ga44c0e5 (webtiles) character file.

543396 Irenicus the Executioner (level 24, -18/273 HPs)
             Began as a Deep Dwarf Gladiator on Sept 23, 2018.
             Was the Champion of Makhleb.
             Killed from afar by a Brimstone Fiend (33 damage)
             ... with damnation
             ... on level 7 of the Iron City of Dis on Sept 24, 2018.
             The game lasted 04:25:45 (24034 turns).

Irenicus the Executioner (Deep Dwarf Gladiator)    Turns: 24034, Time: 04:25:46

Health: -18/273    AC: 44    Str: 21    XL:     24   Next: 21%
Magic:  26/26      EV:  9    Int: 15    God:    Makhleb [******]
Gold:   1705       SH: 16    Dex: 22    Spells: 23/23 levels left

rFire    . . .     SeeInvis +   B - +9 broad axe (freeze)
rCold    . . .     Gourm    .   p - +0 shield
rNeg     + + +     Faith    .   E - +7 crystal plate armour
rPois    +         Spirit   .   c - +1 helmet
rElec    +         Reflect  .   L - scarf {cloud immunity}
rCorr    +         Harm     .   m - +0 pair of gloves {archery}
MR       +++..     NoTele   +   u - +2 pair of boots {Stlth+}
Stlth    ..........             n - amulet "Eruutur" {Acrobat Int+4}
HPRegen  0.00/turn              G - ring "Yffeur" {-Tele rPois rN++ Int-3} (curse)
MPRegen  0.20/turn              N - ring of Keok Tao {rCorr rElec Int+4 Dex-2 SInv}

@: non-regenerating
A: damage resistance, heal wounds, thin skeletal structure 1, negative energy
resistance 1, sense surroundings 3, robust 1, no regeneration
}: 4/15 runes: decaying, slimy, silver, gossamer
a: Heal Wounds, Minor Destruction, Lesser Servant of Makhleb, Major Destruction,
Greater Servant of Makhleb, Renounce Religion


You were on level 7 of the Iron City of Dis.
You worshipped Makhleb.
Makhleb was exalted by your worship.
You were not hungry.

You visited 12 branches of the dungeon, and saw 56 of its levels.
You also visited: Labyrinth, Sewer, Volcano and Wizlab.

You collected 4659 gold pieces.
You spent 2954 gold pieces at shops.

Inventory:

Hand Weapons
 j - a +5 hand axe of flaming
 B - a +9 broad axe of freezing (weapon)
Armour
 a - the +1 pair of gloves "Diagos" {rElec Str-3 Int+9 Stlth+}
   (You bought it in a shop on level 2 of the Orcish Mines)

   It affects your strength (-3).
   It affects your intelligence (+9).
   It insulates you from electricity.
   It makes you more stealthy.
 c - a +1 helmet (worn)
 m - a +0 pair of gloves of archery (worn)
 p - a +0 shield (worn)
 u - a +2 pair of boots of stealth (worn)
 E - a +7 crystal plate armour (worn)
 L - a scarf of cloud immunity (worn)
Jewellery
 n - the amulet "Eruutur" (around neck) {Acrobat Int+4}
   (You found it on level 3 of the Elven Halls)

   [amulet of the acrobat]

   It helps you evade while moving and waiting.
   It affects your intelligence (+4).
 w - the ring "Teowised" {rF+ MR++ Str-4}
   (You took it off an orc on level 5 of the Vaults)

   [ring of protection from fire]

   It affects your strength (-4).
   It protects you from fire.
   It affects your resistance to hostile enchantments.
 x - a +5 ring of slaying
 y - the ring "Xatenn" {rElec MR- Str+5 Int+6 Stlth+}
   (You acquired it on level 2 of the Orcish Mines)

   [ring of strength]

   It affects your strength (+5).
   It affects your intelligence (+6).
   It insulates you from electricity.
   It affects your resistance to hostile enchantments.
   It makes you more stealthy.
 G - the cursed ring "Yffeur" (left hand) {-Tele rPois rN++ Int-3}
   (You found it on level 3 of the Depths)

   [ring of intelligence]

   It affects your intelligence (-3).
   It protects you from poison.
   It greatly protects you from negative energy.
   It prevents most forms of teleportation.
   It has a curse placed upon it.
 N - the ring of Keok Tao (right hand) {rCorr rElec Int+4 Dex-2 SInv}
   (You found it on level 3 of the Elven Halls)

   [ring of resist corrosion]

   It affects your intelligence (+4).
   It affects your dexterity (-2).
   It insulates you from electricity.
   It lets you see invisible.
 P - the ring of the Commoners {AC+3 Str+4}
   (You found it on level 2 of the Vaults)

   [ring of protection]

   It affects your AC (+3).
   It affects your strength (+4).
 V - the ring of Free Will {rF+ MR+ Int+3 Stlth+}
   (You found it on level 5 of the Vaults)

   [ring of intelligence]

   It affects your intelligence (+3).
   It protects you from fire.
   It affects your resistance to hostile enchantments.
   It makes you more stealthy.
 W - the ring of Optimism {+Fly rPois Str+8 Int-2 Stlth+}
   (You took it off a vault sentinel on level 5 of the Vaults)

   [ring of flight]

   It affects your strength (+8).
   It affects your intelligence (-2).
   It protects you from poison.
   It lets you fly.
   It makes you more stealthy.
 Z - the amulet "Qupogodu" {Gourm rPois Int+2}
   (You acquired it on level 6 of the Lair of Beasts)

   [amulet of the gourmand]

   It allows you to eat raw meat even when not hungry.
   It affects your intelligence (+2).
   It protects you from poison.
Wands
 q - a wand of digging (20)
 v - a wand of acid (12)
 F - a wand of paralysis (6)
 K - a wand of polymorph (47)
 O - a wand of enslavement (15)
 Q - a wand of iceblast (34)
Scrolls
 b - 6 scrolls of blinking
 g - 8 scrolls of identify
 h - a scroll of magic mapping
 i - 10 scrolls of teleportation
 l - 8 scrolls of remove curse
 o - 6 scrolls of fear
 s - 2 scrolls of immolation
 t - 5 scrolls of fog
 H - 3 scrolls of enchant weapon
 U - a scroll of holy word
Potions
 d - 2 potions of cancellation
 e - 3 potions of resistance
 k - 10 potions of curing
 r - 5 potions of ambrosia
 C - 3 potions of might
 D - 4 potions of flight
 I - a potion of lignification
 J - a potion of invisibility
 X - 2 potions of mutation
Miscellaneous
 A - the horn of Geryon
 M - a fan of gales
 S - a lightning rod (4/4)
 T - a lamp of fire
 Y - a phantom mirror
Comestibles
 f - 40 rations


   Skills:
 - Level 21.0 Fighting
 + Level 24.1 Axes
 - Level 1.7 Throwing
 - Level 22.0 Armour
 - Level 5.0 Dodging
 - Level 19.1 Shields
 - Level 12.0 Invocations
 - Level 14.0 Evocations


You had 23 spell levels left.
You didn't know any spells.
Your spell library contained the following spells:

 Spells                   Type           Power        Failure   Level  Hunger
 Animate Skeleton         Necr           N/A          99%         1    ##.....
 Confusing Touch          Hex            #.....       99%         1    ##.....
 Pain                     Necr           #...         99%         1    ##.....
 Swiftness                Chrm/Air       #.......     100%        2    ###....
 Confuse                  Hex            #.......     100%        3    ####...
 Gell's Gravitas          Tloc           #.........   100%        3    ####...
 Ozocubu's Armour         Chrm/Ice       #.......     100%        3    ####...
 Spectral Weapon          Hex/Chrm       #.......     100%        3    ####...
 Vampiric Draining        Necr           #.........   100%        3    ####...
 Animate Dead             Necr           N/A          100%        4    #####..
 Petrify                  Tmut/Erth      #.......     100%        4    #####..
 Iskenderun's Battlesphe  Conj/Chrm      #.......     100%        5    ######.
 Metabolic Englaciation   Hex/Ice        #.........   100%        5    ######.
 Yara's Violent Unravell  Hex/Tmut       #.........   100%        5    ######.
 Deflect Missiles         Chrm/Air       #.........   100%        6    #######
 Regeneration             Chrm/Necr      Unusable     N/A         3    N/A

Dungeon Overview and Level Annotations

Branches:
Dungeon (15/15)            Temple (1/1) D:5            Lair (6/6) D:10
  Swamp (4/4) Lair:4       Spider (4/4) Lair:2        Slime (5/5) Lair:6
    Orc (2/2) D:12            Elf (3/3) Orc:2        Vaults (5/5) D:14
 Depths (3/5) D:15           Hell (1/1)                 Dis (7/7) Hell
    Tar (0/7) Hell
  Crypt: Vaults:2-3     Geh: Hell:1         Coc: Hell:1

Altars:
Cheibriados
Dithmenos
Fedhas
Gozag
Hepliaklqana
Kikubaaqudgha
Makhleb
Nemelex Xobeh
Okawaru
Qazlal
Ru
Sif Muna
Trog
Uskayaw
Vehumet
Wu Jian
Xom
Yredelemnul
Zin
The Shining One
Beogh
Jiyva

Shops:
D:13 !   D:15 =   Orc:2 ?*(*?*[:   Elf:2 [}}=

Portals:
Hell: Depths:1 Depths:2


Innate Abilities, Weirdness & Mutations

You are resistant to damage.
You can heal yourself by infusing magical energy.
You resist negative energy. (rN+)
You passively map a large area around you.
You do not regenerate.
You have a somewhat thin skeletal structure. (Dex +2, Stealth)
You are robust. (+10% HP)


Message History

Makhleb accepts your kill.
Your crystal plate armour prevents you from hitting the Brimstone Fiend.
You hit the Brimstone Fiend but do no damage.
You block the Brimstone Fiend's attack. x3
You carve the Brimstone Fiend like a ham!!!
You freeze the Brimstone Fiend!!
The Brimstone Fiend is heavily wounded.
The Brimstone Fiend hits you but does no damage. x2
You block the Brimstone Fiend's attack.
You slash the Brimstone Fiend! You freeze the Brimstone Fiend!
The Brimstone Fiend is severely wounded.
A quicksilver dragon comes into view.
The Brimstone Fiend gestures at you.
The sphere of damnation explodes!
The damnation engulfs you!
* * * LOW HITPOINT WARNING * * *
The damnation engulfs the Brimstone Fiend.
The Brimstone Fiend completely resists.
The Brimstone Fiend gestures at you.
The sphere of damnation explodes!
The damnation engulfs you!
You die...

*,,,,,,,,,,,,,,,,,**,,,,,,,*
,,,,,,,,,,,,,,,...***,,,,,,*
*,,,,,,,,,,,,,,.D.**,,,,,,,*
**,,,,,*,,*,,*,#..***,,,,,,*
*****,,,,,,,,,,#'##*,,,,,,,*
,,,,,,,,,,,,,,,#1.#**,,,,,,*
##,,,,,*******,#..#*,,,,,,,*
.#,,,,,*,,,,,*,#..#**,,,,,,*
.#,,,,,*,,,,,',#@.#*,,,,,,,*
.################1#**,,,,,,*
.'.............x..#*,,,,,,,*
.#................#**,,,,,,*
.################.#*,,,,,,,*
.#,,+,,*,,',,***#'#***,,,,,*
##,,*,,+,,*,,',,...*,*,,,,,*
**************,,...#,*,,,,,*
,*,*,*,*,*,*,***#'##,*,,,,,*


You could see 2 Brimstone Fiends and a quicksilver dragon.

Vanquished Creatures
  the Royal Jelly (Slime:5)
  An ancient lich (Vaults:5)
  the Lernaean hydra (Swamp:4)
  2 caustic shrikes (Depths:3)
  Geryon (Hell)
  3 golden dragons
  A bone dragon (Dis:5)
  Arachne (Spider:2)
  3 iron giants
  2 liches
  4 tentacled monstrosities
  3 Hell Sentinels
  A quicksilver dragon (Dis:7)
  Rupert (D:12)
  Asterion (Spider:3)
  6 titans
  20 acid blobs
  A deep elf master archer (Elf:3)
  5 ancient champions
  An Executioner (Dis:5)
  A thorn hunter (Swamp:4)
  Frances (D:13)
  2 sphinxes (Vaults:5)
  7 tengu reavers
  2 shadow dragons (Vaults:5)
  4 storm dragons
  A frost giant (Depths:2)
  10 azure jellies
  3 fire giants
  4 ghost moths (Spider:4)
  8 vault wardens
  7 deep elf sorcerers
  10 iron dragons
  A frost giant (shapeshifter) (Vaults:5)
  11 emperor scorpions
  2 balrugs
  3 orc warlords
  2 deep elf elementalists (Depths:3)
  11 stone giants
  12 ironheart preservers
  12 reapers
  3 entropy weavers
  8 very ugly things (Depths:2)
  A small abomination (Depths:3)
  6 deep elf demonologists
  13 war gargoyles
  10 purple draconians (WizLab)
  5 spark wasps
  A lorocyproca (Hell)
  5 deep elf annihilators
  A minotaur (Lab)
  9 statues (WizLab)
  2 blizzard demons
  6 deep elf death magi
  6 ettins
  17 yaktaur captains
  2 quicksilver dragon zombies (Dis:4)
  3 jiangshi (Depths:2)
  7 death oozes (Slime:5)
  Josephine (Swamp:1)
  4 deep elf high priests
  8 great orbs of eyes
  3 fire dragons
  25 vault guards
  Fannar (Orc:1)
  3 ice dragons (Depths:2)
  2 spriggan air magi
  A hell beast (Hell)
  16 hydras
  5 centaur warriors
  An anaconda (Lair:6)
  3 catoblepae
  An alligator (Swamp:3)
  A death knight (Vaults:3)
  8 ogre magi
  29 two-headed ogres
  6 death yaks (Lair:6)
  An orc high priest (Orc:2)
  A vampire mage (Depths:2)
  28 dancing weapons
  A satyr (shapeshifter) (Depths:3)
  3 tengu warriors
  3 deep troll shamans
  4 hell hogs (Dis:4)
  4 deep troll earth magi
  2 soul eaters (Hell)
  A spriggan berserker (Depths:2)
  2 titan zombies
  15 hell knights
  7 sun demons
  Urug (D:11)
  18 deep elf knights
  3 iron golems (Hell)
  A fire crab (shapeshifter) (Vaults:4)
  An iron troll (Hell)
  A large abomination (Vaults:5)
  A shadow wraith (Vaults:4)
  2 unseen horrors
  2 anaconda zombies
  20 skeletal warriors
  2 spriggan druids
  A phantasmal warrior (Dis:7)
  3 flayed ghosts (Depths:3)
  16 deep trolls
  9 ironbrand convokers
  2 shadow dragon zombies (Dis:7)
  16 deep elf archers
  3 lindwurms (Lair:6)
  3 frost giant zombies
  8 swamp dragons (Swamp:4)
  14 orc knights
  An iron dragon zombie (Dis:1)
  An orb spider (shapeshifter) (Vaults:5)
  4 stone giant zombies
  17 wolf spiders
  4 wolf spider zombies
  2 shining eyes
  10 orb spiders
  4 manticores
  10 ugly things
  6 fire giant zombies
  3 orc sorcerers (Orc:2)
  77 deep elf magi
  8 necromancers
  A moth of wrath (Spider:1)
  A moth of wrath (shapeshifter) (Vaults:5)
  5 cyclopes
  An iron dragon skeleton (Dis:5)
  13 vault sentinels
  A frost giant skeleton (Dis:5)
  19 rust devils
  6 elephants (Lair:6)
  3 black mambas
  3 torpor snails
  3 molten gargoyles
  2 smoke demons (Hell)
  2 spriggan zombies (Hell)
  7 hellions
  A gargoyle (D:14)
  An eye of devastation (Slime:5)
  13 spiny frogs
  12 rime drakes
  2 yaktaur zombies (Hell)
  15 yaktaurs
  A kobold demonologist (D:14)
  11 tormentors
  8 komodo dragons
  An elf zombie (Hell)
  A tengu conjurer (D:14)
  An efreet (D:14)
  2 yaktaurs (shapeshifter)
  4 freezing wraiths
  10 ice devils
  10 red devils
  3 hydra zombies
  A queen bee (Lair:2)
  7 demonic crawlers
  13 polar bears
  4 trolls
  16 hornets
  13 tyrant leeches
  18 jumping spiders
  A hydra skeleton (Hell)
  10 hippogriffs
  A raiju (shapeshifter) (Elf:1)
  5 bog bodies
  62 slime creatures
  2 fire dragon zombies
  A hornet (shapeshifter) (Vaults:1)
  An ettin zombie (Dis:7)
  3 ice dragon zombies
  A hippogriff (shapeshifter) (D:13)
  11 blink frogs
  4 air elementals
  28 flying skulls
  A centaur simulacrum (D:15)
  An alligator skeleton (Hell)
  10 spriggans
  6 shadows
  2 vampires
  9 wraiths
  22 yaks
  20 tarantellas
  An ice dragon skeleton (Hell)
  3 water elementals
  55 redbacks
  Eustachio (D:5)
  5 golden eyes
  A hog (shapeshifter) (Elf:2)
  2 fire bats (Volcano)
  3 basilisks
  10 steam dragons (Lair:6)
  7 fire elementals
  6 vampire mosquitoes
  4 hungry ghosts
  8 wargs
  A warg (shapeshifter) (Vaults:1)
  12 swamp worms
  6 insubstantial wisps (Swamp:1)
  3 acid dragons
  A floating eye (Depths:3)
  A naga (shapeshifter) (Depths:2)
  A soldier ant (D:12)
  4 spiny frog zombies
  A floating eye (shapeshifter) (Vaults:3)
  15 water moccasins
  4 porcupines
  9 swamp drakes
  40 hell hounds
  45 orc warriors
  A hornet zombie (D:7)
  A sky beast (D:14)
  3 spiny frog skeletons (Hell)
  11 black bears (Lair:6)
  3 eyes of draining
  12 boggarts (Vaults:1)
  7 phantoms
  26 ogres
  2 necrophages
  10 centaurs
  25 wolves
  8 crocodiles
  4 big kobolds
  20 bullfrogs
  7 earth elementals
  2 elf skeletons (D:6)
  A wyvern skeleton (D:13)
  3 troll zombies (D:12)
  6 scorpions
  An orc simulacrum (Vaults:1)
  A manticore simulacrum (Hell)
  27 killer bees
  30 wights
  4 electric eels
  3 howler monkeys
  6 lava snakes (Volcano)
  12 crimson imps
  4 bullfrog zombies
  2 centaur zombies
  5 hounds
  A human zombie (Dis:7)
  A jelly (D:15)
  A quasit (D:7)
  26 orc priests
  25 orc wizards
  4 centaur skeletons
  A gnoll shaman (D:10)
  20 iron imps
  Jessica (D:2)
  3 iguanas
  2 human skeletons (D:6)
  Natasha (twice) (D:3)
  A troll simulacrum (Hell)
  2 worker ants
  2 naga zombies
  5 ogre zombies (D:12)
  3 hound skeletons
  3 mummies (Dis:5)
  2 worker ant zombies
  A howler monkey skeleton (D:10)
  16 adders
  11 gnolls
  2 river rats (Sewer)
  2 shadow imps
  An adder zombie (D:9)
  2 adder skeletons
  A worm (D:3)
  2 dart slugs
  6 leopard geckos
  85 orcs
  4 giant cockroaches
  12 goblins
  10 hobgoblins
  7 jackals (D:6)
  16 kobolds
  5 quokkas
  6 ball pythons
  7 bats
  9 frilled lizards
  2 goblin skeletons (D:12)
  5 goblin zombies (D:12)
  2 hobgoblin skeletons (D:12)
  A hobgoblin zombie (D:12)
  A jackal zombie (D:6)
  3 orc skeletons
  13 orc zombies (D:12)
  15 rats
  6 briar patches (Swamp:4)
  2 crawling corpses (Depths:3)
  7 fungi
  4 plants
2045 creatures vanquished.

Vanquished Creatures (collateral kills)
  A tentacled monstrosity (Hell)
  A caustic shrike zombie (Hell)
  A war gargoyle (Vaults:5)
  2 reapers (Hell)
  5 vault guards (Vaults:5)
  A hydra (Swamp:1)
  A sun demon (Hell)
  A shambling mangrove (Swamp:1)
  An orc sorcerer (Orc:2)
  3 rust devils (Hell)
  A red devil (Hell)
  A spriggan zombie (Hell)
  A warg (Orc:2)
  2 insubstantial wisps (Swamp:1)
  An orc warrior (Orc:2)
  A crimson imp (Hell)
24 creatures vanquished.

Vanquished Creatures (others)
  A deep elf blademaster (Elf:3)
  A deep elf elementalist (Elf:3)
  2 deep elf demonologists (Elf:3)
  A deep elf annihilator (Elf:3)
  2 deep elf death magi (Elf:3)
  An unseen horror (D:14)
  A deep elf mage (Elf:3)
  A rime drake (Lair:6)
  A tyrant leech (Swamp:1)
  A bog body (Swamp:1)
  A hell hound (Dis:3)
  An ooze (D:7)
  3 orcs
  A quokka (D:7)
  2 briar patches (Swamp:4)
  14 plants
34 creatures vanquished.

Grand Total: 2103 creatures vanquished

Notes
Turn   | Place    | Note
-------+----------+-------------------------------------------
     0 | D:1      | Irenicus the Deep Dwarf Gladiator began the quest for the
                  | Orb.
     0 | D:1      | Reached XP level 1. HP: 19/19 MP: 1/1
   111 | D:1      | Reached XP level 2. HP: 20/26 MP: 2/2
   112 | D:1      | Reached skill level 4 in Axes
   319 | D:2      | Found an iron altar of Okawaru.
   338 | D:2      | Reached XP level 3. HP: 25/32 MP: 3/3
   476 | D:2      | Reached skill level 5 in Axes
   557 | D:2      | Reached XP level 4. HP: 24/39 MP: 4/4
   578 | D:2      | Noticed Jessica
   598 | D:2      | Killed Jessica
   840 | D:3      | Reached skill level 6 in Axes
   844 | D:3      | Reached skill level 1 in Armour
   845 | D:3      | Reached XP level 5. HP: 33/45 MP: 5/5
   946 | D:3      | Noticed Natasha
   960 | D:3      | Killed Natasha
   980 | D:3      | Found a faded altar of an unknown god.
  1094 | D:4      | Noticed an ogre
  1109 | D:4      | Killed an ogre
  1109 | D:4      | Reached skill level 7 in Axes
  1109 | D:4      | Reached XP level 6. HP: 22/52 MP: 6/6
  1172 | D:3      | Found a deep blue altar of Sif Muna.
  1231 | D:3      | Noticed Natasha
  1236 | D:3      | Killed Natasha
  1368 | D:4      | Reached skill level 8 in Axes
  1430 | D:4      | Reached XP level 7. HP: 14/58 MP: 7/7
  1456 | D:4      | Got a fine scale mail
  1468 | D:4      | Identified the +5 scale mail of the Morning Star {rF+
                  | Regen+ Stlth+} (You found it on level 4 of the Dungeon)
  1702 | D:5      | Entered Level 5 of the Dungeon
  1711 | D:5      | Found a staircase to the Ecumenical Temple.
  1720 | Temple   | Entered the Ecumenical Temple
  1736 | Temple   | Became a worshipper of Makhleb the Destroyer
  1842 | D:5      | Noticed Eustachio
  1872 | D:5      | Killed Eustachio
  1872 | D:5      | Reached skill level 9 in Axes
  1909 | D:5      | Found a glowing silver altar of Zin.
  2092 | D:5      | Got a translucent ring mail
  2094 | D:5      | Reached XP level 8. HP: 23/66 MP: 8/8
  2118 | D:6      | Reached skill level 10 in Axes
  2222 | D:6      | Reached * piety under Makhleb
  2232 | D:6      | Reached skill level 5 in Armour
  2317 | D:6      | Reached skill level 11 in Axes
  2384 | D:6      | Gained mutation: You passively map the area around you.
                  | [Deep Dwarf growth]
  2384 | D:6      | Reached XP level 9. HP: 42/73 MP: 9/9
  2392 | D:6      | Reached ** piety under Makhleb
  2410 | D:6      | Found a glowing drain.
  2422 | Sewer    | Entered a sewer
  2803 | D:6      | Found a stormy altar of Qazlal.
  2976 | D:6      | Reached skill level 12 in Axes
  3197 | D:7      | Found a bloodstained altar of Trog.
  3345 | D:7      | Reached *** piety under Makhleb
  3395 | D:7      | Reached skill level 1 in Evocations
  3473 | D:7      | Got an encrusted trident
  3481 | D:7      | Identified the cursed +1 trident of Courage {speed, +Inv
                  | MR+} (You found it on level 7 of the Dungeon)
  3500 | D:8      | Reached skill level 13 in Axes
  3903 | D:8      | Found a hide-covered altar of Uskayaw.
  4000 | D:9      | Found a sparkling altar of Nemelex Xobeh.
  4045 | D:9      | Paralysed by a hornet for 3 turns
  4060 | D:9      | Paralysed by a hornet for 3 turns
  4071 | D:9      | Reached XP level 10. HP: 45/81 MP: 10/10
  4309 | D:9      | Reached **** piety under Makhleb
  4340 | D:9      | Found a basalt altar of Yredelemnul.
  4405 | D:10     | Entered Level 10 of the Dungeon
  4460 | D:10     | Reached skill level 14 in Axes
  4519 | D:10     | Found a staircase to the Lair.
  4665 | D:10     | Killed an unseen horror
  4694 | D:10     | Found the +3 giant club "Skullcrusher" {speed, Str+7}
  4719 | D:10     | Found a shadowy altar of Dithmenos.
  4739 | D:10     | Identified the +2 ring mail of Masochism {MP+9 Str+5} (You
                  | found it on level 5 of the Dungeon)
  4756 | D:10     | Reached skill level 5 in Fighting
  4805 | D:10     | Reached ***** piety under Makhleb
  4864 | D:11     | Reached skill level 1 in Shields
  4917 | D:11     | Noticed a manticore
  4929 | D:11     | Killed a manticore
  4999 | D:10     | Reached skill level 5 in Shields
  5093 | D:11     | Noticed a cyclops
  5104 | D:11     | Killed a cyclops
  5130 | D:11     | Reached XP level 11. HP: 45/97 MP: 10/10
  5340 | D:11     | Noticed Urug
  5363 | D:11     | Killed Urug
  5397 | D:12     | Noticed Rupert
  5446 | Lair:1   | Entered Level 1 of the Lair of Beasts
  5629 | Lair:1   | Gained mutation: You have supernaturally acute eyesight.
                  | (SInv) [potion of mutation]
  6449 | Lair:2   | Found a hole to the Spider Nest.
  6483 | Lair:2   | Noticed a four-headed hydra
  6490 | Lair:2   | Killed a four-headed hydra
  6490 | Lair:2   | Reached skill level 15 in Axes
  6678 | Lair:2   | Reached ****** piety under Makhleb
  6848 | Lair:3   | Identified 3 scrolls of acquirement
  6852 | Lair:3   | Noticed a four-headed hydra
  6865 | Lair:3   | Killed a one-headed hydra
  6865 | Lair:3   | Reached skill level 16 in Axes
  6951 | Lair:3   | Reached XP level 12. HP: 109/109 MP: 14/14
  6969 | Lair:3   | Noticed a four-headed hydra
  6976 | Lair:3   | Killed a one-headed hydra
  7118 | Lair:3   | Found a snail-covered altar of Cheibriados.
  7410 | Lair:4   | Reached skill level 17 in Axes
  7434 | Lair:4   | Found a dark tunnel.
  7440 | Volcano  | Entered a volcano
  7738 | Volcano  | Found a bloodstained altar of Trog.
  8134 | Lair:4   | Reached skill level 10 in Armour
  8144 | Lair:4   | Reached skill level 5 in Dodging
  8443 | Lair:4   | Found a staircase to the Swamp.
  8882 | Lair:5   | Noticed a five-headed hydra
  8894 | Lair:5   | Killed a one-headed hydra
  9038 | Lair:5   | Reached XP level 13. HP: 99/121 MP: 13/13
  9093 | Lair:6   | Entered Level 6 of the Lair of Beasts
  9363 | Lair:6   | Reached skill level 18 in Axes
  9600 | Lair:6   | Reached skill level 19 in Axes
  9845 | Lair:6   | Got a translucent ruby amulet
  9846 | Lair:6   | Identified the amulet "Qupogodu" {Gourm rPois Int+2} (You
                  | acquired it on level 6 of the Lair of Beasts)
  9934 | Lair:6   | Gained mutation: You resist negative energy. (rN+) [Deep
                  | Dwarf growth]
  9934 | Lair:6   | Reached XP level 14. HP: 129/129 MP: 14/14
  9942 | Lair:6   | Reached skill level 20 in Axes
 10012 | Lair:6   | Found a staircase to the Slime Pits.
 10483 | Swamp:1  | Entered Level 1 of the Swamp
 10513 | Swamp:1  | Noticed Josephine
 10522 | Swamp:1  | HP: 4/129 [shambling mangrove (18)]
 10899 | D:12     | Reached skill level 21 in Axes
 11230 | D:12     | Killed Rupert
 11256 | D:12     | Found a staircase to the Orcish Mines.
 11296 | Orc:1    | Entered Level 1 of the Orcish Mines
 11313 | Orc:1    | Noticed Fannar
 11352 | Orc:1    | Killed Fannar
 11480 | Orc:2    | Entered Level 2 of the Orcish Mines
 11531 | Orc:2    | Found Illupp's General Store.
 11581 | Orc:2    | Bought a potion of lignification for 36 gold pieces
 11585 | Orc:2    | Found a staircase to the Elven Halls.
 11651 | Orc:2    | Noticed an orc warlord
 11731 | Orc:1    | Noticed a stone giant
 11752 | Orc:1    | Killed a stone giant
 11834 | Orc:2    | Found a roughly hewn altar of Beogh.
 11844 | Orc:2    | HP: 6/129 [orc sorcerer/bolt of fire[an orc warlord] (35)]
 11859 | Orc:2    | Found Eqiraesu's Antique Armour Emporium.
 11866 | Orc:2    | Bought a pair of jewelled gloves for 256 gold pieces
 11876 | Orc:2    | Identified the +1 pair of gloves "Diagos" {rElec Str-3
                  | Int+9 Stlth+} (You bought it in a shop on level 2 of the
                  | Orcish Mines)
 11884 | Orc:2    | Found Ufoy's Antique Weapon Emporium.
 11900 | Orc:2    | Found Latutsus's General Store.
 11917 | Orc:2    | Found Joum's Book Emporium.
 11924 | Orc:2    | Bought a manual of Shields for 1545 gold pieces
 11931 | Orc:2    | Found Pasa Puw's Assorted Antiques.
 11946 | Orc:2    | Bought a scroll labeled KIOCUCW CUPIM for 25 gold pieces
 11976 | Orc:2    | Found Zyotut's Magic Scroll Boutique.
 11981 | Orc:2    | Bought a scroll of magic mapping for 49 gold pieces
 12025 | Orc:2    | Found a labyrinth entrance.
 12034 | Lab      | Entered a labyrinth
 12266 | Lab      | Identified Hureinn's Collected Works on Aid
 12267 | Lab      | Found the +3 salamander hide armour {+Rage rF++}
 12320 | Orc:2    | Killed an orc warlord
 12320 | Orc:2    | Reached XP level 15. HP: 51/135 MP: 11/11
 12323 | Orc:2    | Found Rituas's Magic Scroll Emporium.
 12341 | Orc:2    | Bought a scroll of acquirement for 728 gold pieces
 12341 | Orc:2    | Bought a scroll of enchant armour for 105 gold pieces
 12342 | Orc:2    | Got a pitted wooden ring
 12344 | Orc:2    | Identified the ring "Xatenn" {rElec MR- Str+5 Int+6 Stlth+}
                  | (You acquired it on level 2 of the Orcish Mines)
 12506 | Orc:2    | Bought a scroll of enchant weapon for 105 gold pieces
 12506 | Orc:2    | Bought a scroll of enchant armour for 105 gold pieces
 12732 | D:13     | Noticed Frances
 12743 | D:13     | Killed Frances
 13057 | D:13     | Found Foirut's Distillery.
 13423 | D:14     | Reached skill level 15 in Armour
 13489 | D:14     | Found a gate to the Vaults.
 13604 | D:15     | Entered Level 15 of the Dungeon
 13675 | D:15     | Found Fiotuts's Jewellery Shoppe.
 13741 | D:15     | Found a staircase to the Depths.
 14279 | Swamp:1  | Killed Josephine
 14483 | Swamp:4  | Entered Level 4 of the Swamp
 14529 | Swamp:4  | Reached skill level 5 in Evocations
 14547 | Swamp:4  | Reached XP level 16. HP: 144/144 MP: 13/13
 14553 | Swamp:4  | Noticed the 27-headed Lernaean hydra
 14566 | Swamp:4  | Killed the 27-headed Lernaean hydra
 14647 | Swamp:4  | Reached skill level 10 in Evocations
 14653 | Swamp:4  | Got a decaying rune of Zot
 14773 | Swamp:4  | Noticed a thorn hunter
 14792 | Swamp:4  | Killed a thorn hunter
 15094 | Spider:1 | Entered Level 1 of the Spider Nest
 15445 | Spider:2 | Noticed Arachne
 15469 | Spider:2 | Killed Arachne
 15589 | Spider:3 | Noticed Asterion
 15600 | Spider:3 | Noticed an Executioner
 15608 | Spider:3 | Killed Asterion
 15608 | Spider:3 | Reached skill level 10 in Shields
 15723 | Spider:4 | Entered Level 4 of the Spider Nest
 15729 | Spider:4 | Reached XP level 17. HP: 150/150 MP: 20/20
 16117 | Spider:4 | Reached skill level 15 in Shields
 16152 | Spider:4 | Got a gossamer rune of Zot
 16546 | Elf:1    | Entered Level 1 of the Elven Halls
 16586 | Elf:1    | Found a magical portal.
 16591 | WizLab   | Entered Iskenderun's Mystic Tower
 16617 | WizLab   | Reached skill level 10 in Fighting
 16812 | WizLab   | Identified Iskenderun's Tome of Attacks
 16812 | WizLab   | Identified Iskenderun's Compendium of Damage Dealing
 17246 | Elf:1    | Gained mutation: You passively map a large area around you.
                  | [Deep Dwarf growth]
 17246 | Elf:1    | Reached XP level 18. HP: 169/169 MP: 21/21
 17342 | Elf:2    | Found Raij's Armour Boutique.
 17514 | Elf:2    | Found Peudghoe's Gadget Emporium.
 17516 | Elf:2    | Found Siosaneot's Jewellery Boutique.
 17518 | Elf:2    | Found Hengor's Gadget Emporium.
 17548 | Elf:2    | Found a runed gate.
 17548 | Elf:2    | Found a runed gate.
 17548 | Elf:2    | Found a runed gate.
 17881 | Elf:3    | Entered Level 3 of the Elven Halls
 18083 | Elf:3    | Found a deep blue altar of Sif Muna.
 18226 | Elf:3    | Noticed a Hell Sentinel
 18238 | Elf:3    | Noticed a Brimstone Fiend
 18298 | Elf:3    | Noticed an Ice Fiend
 18340 | Elf:3    | Identified the Grimoire of the Enthralling Glacier
 18346 | Elf:3    | Identified the amulet "Eruutur" {Acrobat Int+4} (You found
                  | it on level 3 of the Elven Halls)
 18413 | Elf:3    | Identified the +3 arbalest "Sechuer" {velocity, Int+3 SInv}
                  | (You found it on level 3 of the Elven Halls)
 18417 | Elf:3    | Found the +4 dagger "Morg" {pain, MR+ Int+5}
 18421 | Elf:3    | Identified the Almanac of Objectivity
 18426 | Elf:3    | Identified the ring of Keok Tao {rCorr rElec Int+4 Dex-2
                  | SInv} (You found it on level 3 of the Elven Halls)
 18502 | Elf:3    | Identified the +1 hunting sling "Mephuj" {velocity, Fragile
                  | MR+ Str+4 Int+3 Dex+3} (You found it on level 3 of the
                  | Elven Halls)
 18613 | Elf:2    | Found a radiant altar of Vehumet.
 19021 | Slime:1  | Entered Level 1 of the Pits of Slime
 19040 | Slime:1  | Reached XP level 19. HP: 182/182 MP: 22/22
 19157 | Slime:5  | Entered Level 5 of the Pits of Slime
 19213 | Slime:5  | Noticed the Royal Jelly
 19215 | Slime:5  | Found a viscous altar of Jiyva.
 19269 | Slime:5  | Killed the Royal Jelly
 19287 | Slime:5  | Got a slimy rune of Zot
 19306 | Slime:5  | Identified the Grimoire of Dislocated Flames
 19312 | Slime:5  | Identified the cursed +1 ring mail of Eternity {Stlth+}
                  | (You found it on level 5 of the Pits of Slime)
 19328 | Slime:5  | Identified the Papyrus of Supportive Feathers
 19356 | Slime:5  | Identified the Volume of Fetching Snow
 19454 | Slime:1  | Lost mutation: You have supernaturally acute eyesight.
                  | (SInv) [a shining eye]
 19461 | Slime:1  | Gained mutation: Armour fits poorly on your strangely
                  | shaped body. [a shining eye]
 19469 | Slime:1  | Lost mutation: Armour fits poorly on your strangely shaped
                  | body. [potion of mutation]
 19469 | Slime:1  | Gained mutation: You have a somewhat thin skeletal
                  | structure. (Dex +2, Stealth) [potion of mutation]
 19469 | Slime:1  | Gained mutation: You are robust. (+10% HP) [potion of
                  | mutation]
 19680 | Vaults:1 | Entered Level 1 of the Vaults
 19890 | Vaults:2 | Identified the ring of the Commoners {AC+3 Str+4} (You
                  | found it on level 2 of the Vaults)
 20144 | Vaults:4 | Reached XP level 20. HP: 209/209 MP: 23/23
 20158 | Vaults:4 | Paralysed by a great orb of eyes for 7 turns
 20215 | Vaults:4 | Reached skill level 15 in Fighting
 20255 | Vaults:4 | Found a roughly hewn altar of Beogh.
 20290 | Vaults:5 | Entered Level 5 of the Vaults
 20300 | Vaults:5 | Noticed an ancient lich
 20324 | Vaults:5 | Reached skill level 1 in Invocations
 20329 | Vaults:5 | Killed an ancient lich
 20332 | Vaults:5 | Reached skill level 5 in Invocations
 20353 | Vaults:5 | Noticed a golden dragon
 20392 | Vaults:5 | Killed a golden dragon
 20392 | Vaults:5 | Reached XP level 21. HP: 224/224 MP: 24/24
 20392 | Vaults:5 | Noticed a golden dragon
 20432 | Vaults:5 | Killed a golden dragon
 20439 | Vaults:5 | Reached skill level 10 in Invocations
 20451 | Vaults:5 | Got a warped steel ring
 20470 | Vaults:5 | Identified the ring of Optimism {+Fly rPois Str+8 Int-2
                  | Stlth+} (You took it off a vault sentinel on level 5 of the
                  | Vaults)
 20645 | Vaults:5 | Identified the cursed +0 ring mail "Firetoymp" {rF+ rC++
                  | Dex-2 Stlth+} (You found it on level 5 of the Vaults)
 20663 | Vaults:5 | Identified the ring of Free Will {rF+ MR+ Int+3 Stlth+}
                  | (You found it on level 5 of the Vaults)
 20799 | Vaults:5 | Identified the +0 ring mail of the Raven {+Fly Dex+2} (You
                  | found it on level 5 of the Vaults)
 20908 | Vaults:5 | Got a silver rune of Zot
 20970 | Vaults:5 | Identified the ring "Teowised" {rF+ MR++ Str-4} (You took
                  | it off an orc on level 5 of the Vaults)
 21559 | Depths:1 | Entered Level 1 of the Depths
 21603 | Depths:1 | Found a gateway to Hell.
 21618 | Depths:1 | Reached XP level 22. HP: 207/240 MP: 25/25
 21627 | Hell     | Entered the Vestibule of Hell
 21627 | Hell     | Noticed Geryon
 21648 | Hell     | Killed Geryon
 21700 | Hell     | Found a gateway to the decaying netherworld of Tartarus.
 21854 | Hell     | Found a gateway to the Iron City of Dis.
 21862 | Dis:1    | Entered Level 1 of the Iron City of Dis
 21862 | Dis:1    | Found a gateway to Hell.
 22015 | Depths:3 | Noticed a caustic shrike
 22036 | Depths:3 | Killed a caustic shrike
 22055 | Depths:3 | Noticed a caustic shrike
 22075 | Depths:3 | Identified the ring of the Butterfly {Ice rElec Int+3 SInv}
                  | (You took it off a deep elf high priest on level 3 of the
                  | Depths)
 22084 | Depths:3 | Identified the cursed ring "Yffeur" {-Tele rPois rN++
                  | Int-3} (You found it on level 3 of the Depths)
 22120 | Depths:3 | Killed a caustic shrike
 22169 | Depths:3 | Noticed a golden dragon
 22177 | Depths:3 | Killed a golden dragon
 22417 | Depths:2 | Reached skill level 22 in Axes
 22431 | Depths:2 | Reached XP level 23. HP: 214/255 MP: 26/26
 22498 | Depths:2 | Identified the Volume of Weightlessness
 23272 | Dis:5    | Reached skill level 23 in Axes
 23513 | Dis:7    | Entered Level 7 of the Iron City of Dis
 23807 | Dis:7    | Reached XP level 24. HP: 94/271 MP: 26/26
 23955 | Dis:7    | Reached skill level 24 in Axes
 24034 | Dis:7    | Killed from afar by a Brimstone Fiend

Skill      XL: |  1  2  3  4  5  6  7  8  9 10 11 12 13 14 15 16 17 18 19 20 21 22 23 24 |
---------------+-------------------------------------------------------------------------+-----
Axes           | 4 5 6 7 8 9 11 13 14 16 17 19 21 22 23 24 | 24.1
Armour         | 1 2 4 5 7 8 10 13 17 19 22 | 22.0
Evocations     | 1 4 6 14 | 14.0
Fighting       | 2 5 7 9 12 14 15 17 19 20 21 | 21.0
Shields        | 5 11 15 18 19 | 19.1
Dodging        | 5 |  5.0
Invocations    | 7 11 12 | 12.0
Throwing       | |  1.7

Action                   |  1- 3 |  4- 6 |  7- 9 | 10-12 | 13-15 | 16-18 | 19-21 | 22-24 || total
-------------------------+-------+-------+-------+-------+-------+-------+-------+-------++-------
Melee: War axe           |   104 |   144 |   177 |       |    51 |       |       |       ||   476
       Hand axe          |       |       |   401 |  1176 |   882 |    14 |       |       ||  2473
       Broad axe         |       |       |       |     5 |   552 |  1054 |   817 |  1317 ||  3745
       Battleaxe         |       |       |       |     7 |    23 |       |       |       ||    30
Throw: Throwing net      |       |     4 |     3 |       |       |       |       |       ||     7
Invok: Minor Destruction |       |       |       |     8 |     1 |       |       |       ||     9
       Lesser Servant of |       |       |       |       |     6 |       |       |       ||     6
 Abil: Heal Wounds       |       |     1 |     5 |    10 |    15 |       |       |       ||    31
       Evoke Invisibilit |       |       |       |     1 |       |       |       |       ||     1
Evoke: Wand              |       |       |     7 |    15 |    27 |     5 |     1 |     1 ||    56
       Lightning rod     |       |       |       |       |    13 |     8 |     4 |     9 ||    34
       Lamp of fire      |       |       |       |       |     3 |     1 |     1 |     2 ||     7
       Fan of gales      |       |       |       |       |     2 |       |     1 |       ||     3
       Box of beasts     |       |       |       |       |       |       |     1 |       ||     1
       Phantom mirror    |       |       |       |       |       |       |     1 |       ||     1
  Use: Potion            |       |     7 |     5 |    15 |     8 |     2 |     3 |     2 ||    42
       Scroll            |       |     1 |     4 |    14 |    21 |    16 |    18 |     8 ||    82
 Stab: Held in net/web   |       |     1 |     1 |       |       |       |       |       ||     2
       Sleeping          |       |       |     1 |       |       |       |       |       ||     1
       Invisible         |       |       |       |     6 |     9 |     4 |       |       ||    19
       Petrified         |       |       |       |       |     7 |       |       |       ||     7
       Distracted        |       |       |       |       |     3 |     2 |     1 |     3 ||     9
       Petrifying        |       |       |       |       |     1 |       |       |       ||     1
       Confused          |       |       |       |       |       |     1 |       |       ||     1
  Eat: Chunk             |       |     2 |     8 |     5 |     3 |     3 |     3 |     2 ||    26
       Ration            |       |       |       |     7 |     6 |     4 |     3 |     2 ||    22
Armor: Scale mail        |    49 |    55 |   251 |   338 |   440 |       |       |       ||  1133
       Skin              |       |    12 |     5 |     3 |    43 |       |       |       ||    63
       Ring mail         |       |       |       |    36 |       |       |       |       ||    36
       Crystal plate arm |       |       |       |       |   334 |   763 |   756 |  1088 ||  2941
Dodge: Dodged            |    77 |    81 |   282 |   414 |   684 |   317 |   300 |   463 ||  2618
Block: Buckler           |       |       |       |   172 |   379 |   107 |       |       ||   658
       Shield            |       |       |       |       |       |   397 |   744 |  1150 ||  2291
